 Dungeon Crawl Stone Soup version 0.30-a0-219-gf2db51d15e (webtiles) character file.

Game seed: 8438274204092252880

80 KennySheep the Vexing (level 4, 0/24 HPs)
             Began as a Deep Elf Hexslinger on Oct 8, 2022.
             Was a Believer of Sif Muna.
             Succumbed to an adder's poison
             ... on level 3 of the Dungeon.
             The game lasted 00:04:06 (1631 turns).

KennySheep the Vexing (Deep Elf Hexslinger)         Turns: 1631, Time: 00:04:07

Health: 0/24       AC:  3    Str:  7    XL:     4   Next: 18%
Magic:  9/9        EV: 13    Int: 18    God:    Sif Muna [**....]
Gold:   107        SH:  0    Dex: 17    Spells: 3/7 levels left

rFire   . . .      SeeInvis .    a - +2 sling (vorpal)
rCold   . . .      Faith    .    (no shield)
rNeg    . . .      Spirit   .    c - +0 robe
rPois   .          Reflect  .    t - +0 helmet
rElec   .          Harm     .    (no cloak)
rCorr   .          Rampage  .    (no gloves)
Will    .....                    (no boots)
Stlth   ++........               (no amulet)
HPRegen 0.24/turn                (no ring)
MPRegen 0.11/turn                (no ring)

@: lethally poisoned (0 -> -8)
A: no striking features
a: Renounce Religion, Channel Magic


You were on level 3 of the Dungeon.
You worshipped Sif Muna.
Sif Muna was pleased with you.
You visited 1 branch of the dungeon, and saw 3 of its levels.

You collected 107 gold pieces.

Inventory:

Hand Weapons
 a - a +2 vorpal sling (weapon)
 e - a +1 sling
Armour
 c - a +0 robe (worn)
 t - a +0 helmet (worn)
Wands
 n - a wand of iceblast (10)
Scrolls
 b - a scroll of poison
 f - a scroll of vulnerability {unknown}
 j - a scroll of enchant armour {unknown}
 m - a scroll of fear {unknown}
 o - a scroll of immolation {unknown}
 r - a scroll of identify {unknown}
 s - a scroll of teleportation {unknown}
Potions
 d - 3 potions of lignification {unknown}
 g - a potion of ambrosia {unknown}
 h - a potion of cancellation {unknown}
 i - a potion of mutation {unknown}
 k - 2 potions of degeneration {unknown}
 l - 2 potions of attraction {unknown}
 p - a potion of brilliance {unknown}
 q - 2 potions of curing {unknown}
 u - a potion of resistance {unknown}


   Skills:
 - Level 0.7 Fighting
 * Level 4.9 Ranged Weapons
 - Level 2.4 Dodging
 + Level 2.3 Spellcasting
 + Level 4.9 Hexes


You had 3 spell levels left.
You knew the following spells:

 Your Spells              Type           Power      Damage    Failure   Level
a - Slow                  Hex            76%        N/A       2%          1
b - Portal Projectile     Hex/Tloc       20%        N/A       19%         3

Your spell library contained the following spells:

 Spells                   Type           Power      Damage    Failure   Level
 Magic Dart               Conj           8%         1d3       17%         1
 Inner Flame              Hex/Fire       10%        N/A       19%         3
 Call Imp                 Summ           2%         N/A       26%         2
 Mephitic Cloud           Conj/Pois/Air  2%         N/A       45%         3
 Cause Fear               Hex            9%         N/A       22%         4


Dungeon Overview and Level Annotations

Branches:
Dungeon (3/15)

Altars:
Gozag
Sif Muna

Annotations:
D:2 1 runed translucent door, Crazy Yiuf


Message History

The sling bullet barely misses the adder.
You hear an angry hiss.
An adder comes into view.
You shoot a sling bullet.
The sling bullet hits the adder but does no damage.
You shoot a sling bullet.
The sling bullet barely misses the adder. x2
The adder closely misses you.
You shoot a sling bullet. The sling bullet hits the adder!
The adder is almost dead.
The adder closely misses you.
You shoot a sling bullet.
The sling bullet closely misses the adder.
The sling bullet misses the adder.
The sling bullet hits the worm.
The worm is heavily wounded.
The adder closely misses you. The adder bites you.
You are poisoned.
The adder poisons you! The adder barely misses you.
You shoot a sling bullet.
The sling bullet closely misses the adder.
The sling bullet hits the worm.
The worm is almost dead.
You feel sick. The adder misses you. The adder closely misses you.
The adder barely misses you. The adder attacks as you move away!
The adder misses you.
You feel sick. The adder bites you.
You are more poisoned.
The adder poisons you!
You feel sick.
You feel sick. The adder attacks as you move away! The adder bites you.
You feel sick. The adder bites you.
You are more poisoned.
The adder poisons you! The adder closely misses you.
The adder attacks as you move away! The adder bites you.
* * * LOW HITPOINT WARNING * * *
x2 You feel sick.
The adder attacks as you move away! The adder bites you.
* * * LOW HITPOINT WARNING * * *
You die...

......#.#####.#.#
.##.#.#.#...#.#.#
....#.#.#.#.#.#.#####
#####...............+
.......#..#####.#####
######....#.....# ########
#....#.##.#.####### #......#
#......##.#.......###....^.#
#...>...........@.S##......###
#....#.#..##.#####S.#.†.......
.....#.#.###.#....#...w.......
.....#.#.....#.##.##..........
.....'.#######. #. #......)...
.....#......... #+ #..†.......
.....#.#######. .............
.....+<# ...............
.....#.# ..........###)..


You could see a worm and 2 adders.

Vanquished Creatures
  3 adders
  2 worms (D:2)
  2 dart slugs (D:3)
  2 ball pythons
  4 endoplasms
  2 giant cockroaches
  4 goblins (D:2)
  A hobgoblin (D:1)
  5 jackals
  4 kobolds
  A quokka (D:2)
  6 bats
  2 frilled lizards (D:2)
  4 rats
42 creatures vanquished.

Notes
Turn   | Place    | Note
-------+----------+-------------------------------------------
     0 | D:1      | KennySheep the Deep Elf Hexslinger began the quest for the
                  | Orb.
     0 | D:1      | Reached XP level 1. HP: 11/11 MP: 5/5
    35 | D:1      | Found a faded altar of an unknown god.
    62 | D:1      | Prayed at the altar of an unknown god.
    62 | D:1      | Became a worshipper of Sif Muna the Loreminder
    62 | D:1      | Reached * piety under Sif Muna
   184 | D:1      | Reached XP level 2. HP: 16/16 MP: 6/6
   621 | D:2      | Reached XP level 3. HP: 20/20 MP: 7/7
   625 | D:2      | Learned a level 3 spell: Portal Projectile
   881 | D:2      | Found an opulent altar of Gozag.
  1212 | D:2      | Found a runed translucent door.
  1213 | D:2      | Noticed Crazy Yiuf
  1486 | D:3      | Reached XP level 4. HP: 24/24 MP: 9/9
  1528 | D:3      | Reached ** piety under Sif Muna
  1631 | D:3      | HP: 1/24 [adder (4)]
  1631 | D:3      | Succumbed to an adder's poison

Illustrated notes

Levels and vault maps discovered:
D:1:      minmay_arrival_stone_box, layout_rooms,
          hellmonk_ecumenical_altar_dog_temple
D:2:      minmay_diamond_boxcup, layout_basic, basic_altar,
          mrwooster_statue_mirror, uniq_crazy_yiuf_cottage
D:3:      layout_basic, fedhas_altar_fruit_tree, ebering_ghost_sewer_f,
          uniq_natasha

Skill      XL: |  1  2  3 |
---------------+----------+-----
Ranged Weapons | 3 4 |  4.9
Spellcasting   | 2 |  2.3
Fighting       | |  0.7
Dodging        | |  2.4
Hexes          | |  4.9

Action                   |  1- 3 |  4- 6 || total
-------------------------+-------+-------++-------
 Fire: Sling             |    92 |    19 ||   111
 Cast: Slow              |    19 |       ||    19
Armor: Robe              |     5 |       ||     5
Dodge: Dodged            |    43 |     9 ||    52

Table legend: (Time is in decaauts)
 A = Elapsed time spent in this place.
 B = Non-inter-level travel time spent in this place.
 C = Inter-level travel time spent in this place.
 D = Time resting spent in this place.
 E = Time spent auto-exploring this place.
 F = Levels seen in this place.
 G = Mean time per level.
                   A        B        C        D        E       F      G
               +--------+--------+--------+--------+--------+-----+--------+
         Total |   1652 |   1609 |     43 |     39 |   1308 |   3 |  550.7 |
       Dungeon |   1652 |   1609 |     43 |     39 |   1308 |   3 |  550.7 |
               +--------+--------+--------+--------+--------+-----+--------+

Top non-repeatable levels by time:
     D:2: 996 daAuts
     D:1: 463 daAuts
     D:3: 192 daAuts
